 Dungeon Crawl Stone Soup version 0.24.0-2-g5b39cebb1c (webtiles) character file.

Game seed: 15639467714183250067, levelgen mode: deterministic

722184 Arum the Conqueror (level 27, -6/249 HPs)
             Began as a Formicid Fighter on Oct 29, 2019.
             Was the Champion of Okawaru.
             Mangled by Antaeus (9 damage)
             ... on level 7 of Cocytus on Oct 31, 2019.
             The game lasted 03:43:02 (63840 turns).

Arum the Conqueror (Formicid Fighter)              Turns: 63840, Time: 03:43:03

Health: -6/249     AC: 38    Str: 28    XL:     27
Magic:  29/31      EV: 22    Int: 11    God:    Okawaru [******]
Gold:   5131       SH: 32    Dex: 20    Spells: 42/50 levels left

rFire    . . .     SeeInvis +   o - +4 double sword (holy)
rCold    + + +     Gourm    .   c - +2 large shield {reflect}
rNeg     + + +     Faith    .   U - +11 plate armour of Grottiness {Regen+ Str+2}
rPois    .         Spirit   .   (helmet unavailable)
rElec    .         Reflect  +   T - +0 cloak of Midwinter {-Cast *Slow rN++ Regen+ SInv}
rCorr    .         Harm     .   r - +0 pair of fencer's gloves {Riposte Dex+3}
MR       ++++.     Clarity  +   O - +0 pair of boots {run} Stlth ..........NoCast +
                                P - brooch of Shielding {Reflect SH+8}
HPRegen  1.31/turn              s - ring of Beytuibb {rC+ rN+ Dex+2}
MPRegen  0.22/turn              D - ring "Ipteomu" {MR+ Str+4}

@: finesse, studying Necromancy, quick
A: permanent stasis, dig shafts and tunnels, four strong arms, antennae 3,
yellow scales 1, camouflage 1, clarity, cold resistance 2, deterioration 1,
dopey 1, low mp 2, magic resistance 1, weak 1, subdued magic 1
}: 5/15 runes: decaying, serpentine, slimy, silver, abyssal
a: Dig, Shaft Self, Heroism, Finesse, Renounce Religion


You were on level 7 of Cocytus.
You worshipped Okawaru.
Okawaru was exalted by your worship.
You were not hungry.

You visited 12 branches of the dungeon, and saw 60 of its levels.
You visited the Abyss 2 times.
You also visited: Ossuary, Gauntlet and Wizlab.

You collected 10583 gold pieces.
You spent 5452 gold pieces at shops.

Inventory:

Hand Weapons
 o - a +4 double sword of holy wrath (weapon)
 H - the +6 sword of Power
   (You bought it in a shop on level 1 of the Elven Halls)
 Y - the +8 demon blade "Leech" {vamp, rN+ AC-3 EV-3}
   (You acquired it on level 11 of the Dungeon)

   It inflicts no extra harm, but heals its wielder when it wounds a living foe.
   It affects your AC (-3).
   It affects your evasion (-3).
   It protects you from negative energy.
Missiles
 n - 19 javelins (quivered)
 F - 14 silver javelins
 L - 2 throwing nets
Armour
 c - a +2 large shield of reflection (worn)
 p - the +0 cloak of the Forest {MR+ Str+3 Int+2 SInv}
   (You acquired it on level 1 of the Orcish Mines)

   It affects your strength (+3).
   It affects your intelligence (+2).
   It affects your resistance to hostile enchantments.
   It lets you see invisible.
 r - the +0 pair of fencer's gloves (worn) {Riposte Dex+3}
   (You found it on level 5 of the Vaults)

   It affects your dexterity (+3).
 O - a +0 pair of boots of running (worn)
 T - the +0 cloak of Midwinter (worn) {-Cast *Slow rN++ Regen+ SInv}
   (Okawaru gifted it to you on level 3 of the Snake Pit)

   It greatly protects you from negative energy.
   It lets you see invisible.
   It prevents spellcasting.
   It increases your rate of regeneration.
   It may slow you when you take damage.
 U - the +11 plate armour of Grottiness (worn) {Regen+ Str+2}
   (You found it on level 12 of the Dungeon)

   It affects your strength (+2).
   It increases your rate of regeneration.
Jewellery
 i - the ring of Xom's Benevolence {+Inv rF- rCorr MP+9 Str+2}
   (You took it off a minotaur in a Gauntlet)

   [ring of resist corrosion]

   It affects your strength (+2).
   It makes you vulnerable to fire.
   It affects your magic capacity (+9).
   It lets you turn invisible.
   It provides partial protection from all sources of acid and corrosion.
 s - the ring of Beytuibb (left hand) {rC+ rN+ Dex+2}
   (You took it off Jory on level 3 of the Crypt)

   [ring of positive energy]

   It affects your dexterity (+2).
   It protects you from cold.
   It protects you from negative energy.
 w - the ring of Coiquere {rPois rF+ rN+ Int-4 Dex+3}
   (You found it on level 1 of the Orcish Mines)

   [ring of dexterity]

   It affects your intelligence (-4).
   It affects your dexterity (+3).
   It protects you from fire.
   It protects you from poison.
   It protects you from negative energy.
 z - the ring of Wonder {+Inv +Fly Dex+4 Stlth+}
   (You found it in a Gauntlet)

   [ring of stealth]

   It affects your dexterity (+4).
   It lets you turn invisible.
   It lets you fly.
   It makes you more stealthy.
 A - the ring "Ystoivel" {rPois rF- MR+ Int+6}
   (You found it on level 3 of the Elven Halls)

   [ring of protection from magic]

   It affects your intelligence (+6).
   It makes you vulnerable to fire.
   It protects you from poison.
   It affects your resistance to hostile enchantments.
 D - the ring "Ipteomu" (right hand) {MR+ Str+4}
   (You found it in an ossuary)

   [ring of protection from magic]

   It affects your strength (+4).
   It affects your resistance to hostile enchantments.
 P - the brooch of Shielding (around neck) {Reflect SH+8}
   (You bought it in a shop on level 11 of the Dungeon)

   [amulet of reflection]

   It shields you and reflects attacks.
   It affects your SH (+8).
 Q - the ring "Moneuv" {rElec Str+2 Int+7}
   (You took it off a deep elf mage on level 3 of the Elven Halls)

   [ring of strength]

   It affects your strength (+2).
   It affects your intelligence (+7).
   It insulates you from electricity.
 X - the ring of Acaippi {+Fly rF+ rN+ Dex+3 Stlth+}
   (You found it on level 5 of the Vaults)

   [ring of flight]

   It affects your dexterity (+3).
   It protects you from fire.
   It protects you from negative energy.
   It lets you fly.
   It makes you more stealthy.
Wands
 b - a wand of scattershot (14)
 q - a wand of acid (32)
 E - a wand of iceblast (71)
 K - a wand of clouds (4)
Scrolls
 e - 29 scrolls of remove curse
 g - 3 scrolls of summoning
 h - 8 scrolls of immolation
 k - 14 scrolls of fear
 x - 5 scrolls of magic mapping
 y - 9 scrolls of identify
 B - 7 scrolls of fog
 G - 5 scrolls of silence
 J - 10 scrolls of enchant weapon
 W - 3 scrolls of brand weapon
Potions
 a - 39 potions of curing
 d - 8 potions of might
 j - 7 potions of magic
 l - 3 potions of mutation
 m - 7 potions of lignification
 u - 11 potions of agility
 v - 11 potions of brilliance
 C - 4 potions of ambrosia
 N - 2 potions of invisibility
 R - 5 potions of cancellation
Books
 t - a manual of Necromancy
Miscellaneous
 S - the horn of Geryon
 Z - 2 phantom mirrors
Comestibles
 f - 107 rations


   Skills:
 O Level 27 Fighting
 - Level 25.0 Long Blades
 + Level 21.6 Armour
 * Level 19.9 Dodging
 - Level 15.0 Shields
 + Level 12.1 Spellcasting
 + Level 11.1 Necromancy
 - Level 10.1 Transmutations
 - Level 8.0 Invocations


You had 42 spell levels left.
You knew the following spells:

 Your Spells              Type           Power        Failure   Level  Hunger
a - Necromutation         Tmut/Necr      ###.......   100%        8    #######

Your spell library contained the following spells:

 Spells                   Type           Power        Failure   Level  Hunger
 Animate Skeleton         Necr           N/A          1%          1    None
 Beastly Appendage        Tmut           ###...       1%          1    None
 Pain                     Necr           ###.         1%          1    None
 Sticks to Snakes         Tmut           ###.....     1%          2    None
 Vampiric Draining        Necr           ###.......   1%          3    #......
 Animate Dead             Necr           N/A          3%          4    ###....
 Passwall                 Tmut/Erth      ##......     6%          2    None
 Regeneration             Chrm/Necr      ##........   11%         3    #......
 Spider Form              Tmut/Pois      ##........   13%         3    #......
 Blade Hands              Tmut           ###.......   16%         5    #####..
 Ignite Poison            Fire/Tmut/Pois ##......     28%         3    #......
 Apportation              Tloc           #.....       34%         1    None
 Confusing Touch          Hex            #.....       34%         1    None
 Corona                   Hex            #......      34%         1    None
 Flame Tongue             Conj/Fire      #....        34%         1    None
 Magic Dart               Conj           #...         34%         1    None
 Sandblast                Erth           #.....       34%         1    None
 Shock                    Conj/Air       #...         34%         1    None
 Sting                    Conj/Pois      #...         34%         1    None
 Summon Butterflies       Summ           #.......     34%         1    None
 Ice Form                 Ice/Tmut       ##......     41%         4    ###....
 Petrify                  Tmut/Erth      ##......     41%         4    ###....
 Ensorcelled Hibernation  Hex/Ice        #.....       50%         2    None
 Poisonous Vapours        Pois/Air       #.....       50%         2    None
 Searing Ray              Conj           #.....       50%         2    None
 Slow                     Hex            #.......     50%         2    None
 Swiftness                Chrm/Air       #.......     50%         2    None
 Death Channel            Necr           ###.......   50%         6    ######.
 Hydra Form               Tmut           ###.......   65%         6    ######.
 Bolt of Draining         Conj/Necr      ##........   71%         5    #####..
 Borgnjor's Vile Clutch   Necr/Erth      ##........   71%         5    #####..
 Confuse                  Hex            #.......     73%         3    #......
 Dazzling Spray           Conj/Hex       #.....       73%         3    #......
 Gell's Gravitas          Tloc           #.........   73%         3    #......
 Inner Flame              Hex/Fire       #.......     73%         3    #......
 Lesser Beckoning         Tloc           #.........   73%         3    #......
 Mephitic Cloud           Conj/Pois/Air  #.......     73%         3    #......
 Portal Projectile        Hex/Tloc       #.....       73%         3    #......
 Recall                   Summ/Tloc      N/A          73%         3    #......
 Static Discharge         Conj/Air       #.......     73%         3    #......
 Stone Arrow              Conj/Erth      #.....       73%         3    #......
 Tukima's Dance           Hex            #.......     73%         3    #......
 Alistair's Intoxication  Tmut/Pois      ##......     78%         5    #####..
 Irradiate                Conj/Tmut      ##........   78%         5    #####..
 Yara's Violent Unravell  Hex/Tmut       ##........   78%         5    #####..
 Airstrike                Air            #.........   98%         4    ###....
 Cause Fear               Hex            #.........   98%         4    ###....
 Force Lance              Conj/Tloc      #.......     98%         4    ###....
 Fulminant Prism          Conj/Hex       #.........   98%         4    ###....
 Iskenderun's Mystic Bla  Conj           #.......     98%         4    ###....
 Leda's Liquefaction      Hex/Erth       #.........   98%         4    ###....
 Olgreb's Toxic Radiance  Pois           #.......     98%         4    ###....
 Passage of Golubria      Tloc           N/A          98%         4    ###....
 Summon Lightning Spire   Summ/Air       #.......     98%         4    ###....
 Simulacrum               Ice/Necr       ##........   99%         6    ######.
 Dragon Form              Tmut           ###.......   99%         7    #######
 Bolt of Magma            Conj/Fire/Erth #.........   100%        5    #####..
 Fireball                 Conj/Fire      #.........   100%        5    #####..
 Iskenderun's Battlesphe  Conj/Chrm      #.......     100%        5    #####..
 Lee's Rapid Deconstruct  Erth           #.........   100%        5    #####..
 Lightning Bolt           Conj/Air       #.........   100%        5    #####..
 Metabolic Englaciation   Hex/Ice        #.........   100%        5    #####..
 Silence                  Hex/Air        #.........   100%        5    #####..
 Summon Forest            Summ/Tloc      #.........   100%        5    #####..
 Summon Mana Viper        Hex/Summ       #.......     100%        5    #####..
 Venom Bolt               Conj/Pois      #.........   100%        5    #####..
 Bolt of Cold             Conj/Ice       #.........   100%        6    ######.
 Bolt of Fire             Conj/Fire      #.........   100%        6    ######.
 Conjure Ball Lightning   Conj/Air       #.........   100%        6    ######.
 Darkness                 Hex            #.........   100%        6    ######.
 Deflect Missiles         Chrm/Air       #.........   100%        6    ######.
 Freezing Cloud           Conj/Ice/Air   #.........   100%        6    ######.
 Invisibility             Hex            #.......     100%        6    ######.
 Iron Shot                Conj/Erth      #.........   100%        6    ######.
 Ozocubu's Refrigeration  Ice            #.........   100%        6    ######.
 Shadow Creatures         Summ           N/A          100%        6    ######.
 Statue Form              Tmut/Erth      ##.......    100%        6    ######.
 Haunt                    Necr/Summ      ##........   100%        7    #######
 Orb of Destruction       Conj           #.........   100%        7    #######
 Ring of Flames           Chrm/Fire      #.........   100%        7    #######
 Spellforged Servitor     Conj/Summ      #.........   100%        7    #######
 Borgnjor's Revivificati  Necr           ###.......   100%        8    #######
 Death's Door             Chrm/Necr      ##........   100%        8    #######
 Discord                  Hex            #.........   100%        8    #######
 Ignition                 Fire           #.........   100%        8    #######
 Infestation              Necr           ###.......   100%        8    #######
 Shatter                  Erth           #.........   100%        9    #######
 Tornado                  Air            #.........   100%        9    #######
 Blink                    Tloc           Unusable     N/A         2    N/A

Dungeon Overview and Level Annotations

Branches:
Dungeon (15/15)            Temple (0/1) D:7            Lair (6/6) D:10
  Swamp (4/4) Lair:3        Snake (4/4) Lair:3        Slime (5/5) Lair:6
    Orc (2/2) D:12            Elf (3/3) Orc:2        Vaults (5/5) D:13
  Crypt (3/3) Vaults:3       Tomb (0/3) Crypt:3      Depths (5/5) D:15
   Hell (visited)             Dis (0/7) Hell            Geh (0/7) Hell
    Coc (7/7) Hell            Tar (0/7) Hell            Zot (0/5) Depths:5
Ossuary (visited)          WizLab (visited)         Gauntlet (visited)

Altars:
Ashenzari
Cheibriados
Dithmenos
Elyvilon
Fedhas
Kikubaaqudgha
Makhleb
Okawaru
Qazlal
Ru
Sif Muna
Uskayaw
Vehumet
Wu Jian
Xom
Zin
The Shining One
Beogh
Jiyva

Shops:
D:4 *   D:7 *   D:8 (   D:10 [   D:11 =   Orc:2 [(*%   Elf:1 :(}!(   Elf:3 }[
Snake:2 =   Vaults:2 [

Portals:
Hell: Depths:1 Depths:2 Depths:3 Depths:4 Depths:5
Abyss: Depths:1 Depths:4 Depths:5
Pandemonium: Depths:3 Depths:4
Ziggurat: Depths:3

Annotations:
Coc:7 Antaeus


Innate Abilities, Weirdness & Mutations

You cannot be hasted, slowed, berserked, paralysed or teleported.
You can dig through walls and to a lower floor.
Your four strong arms can wield two-handed weapons with a shield.
You have a pair of large antennae on your head. (SInv)
You are partially covered in yellow scales. (AC +2)
Your skin changes colour to match your surroundings (Stealth+).
You possess an exceptional clarity of mind.
Your flesh is very cold resistant. (rC++)
Your body sometimes deteriorates upon taking damage.
You are dopey. (Int -2)
Your magical capacity is very low. (-20% MP)
You are resistant to hostile enchantments. (MR+)
You are weak. (Str -2)
Your spells are a little easier to cast, but a little less powerful.


Message History

Okay, then.
You hit Antaeus.
Antaeus is lightly wounded.
The Ice Fiend calls on the powers of darkness!
Your body is wracked with pain!
* * * LOW HITPOINT WARNING * * *
Unknown command.
Unknown command.
Unknown command.
You feel the dreadful sensation subside.
Your +4 double sword of holy wrath softly glows with a divine radiance!
o - a +4 double sword of holy wrath (weapon)
The ice encasing you melts away.
Antaeus gestures at Antaeus.
The bolt of lightning hits Antaeus.
Antaeus completely resists.
The bolt of lightning hits the Ice Fiend!
Antaeus hits you!
* * * LOW HITPOINT WARNING * * *
Antaeus freezes you! You resist.
You die...

≈≈≈≈≈≈≈≈≈≈≈≈## ≈≈≈≈≈≈≈≈≈
≈≈≈≈≈≈≈≈≈≈≈≈≈# ≈≈≈≈≈≈≈≈≈
≈≈≈...≈≈≈≈≈≈≈# ≈≈≈≈.∩.≈≈
≈......≈≈≈≈≈≈# #≈≈≈.......
.........≈≈≈≈# #≈≈≈.∩...∩.
.........≈≈≈≈# #≈≈....≈...
##≈≈.........≈C≈.≈≈# #≈≈..≈≈≈≈..
##≈.... #1C...≈###≈..≈≈≈≈≈.[
##≈.... ##1@..≈##≈≈.≈≈≈≈≈≈≈.
##≈.... #....≈##≈≈≈≈≈≈≈≈≈≈≈
##≈.... #....≈##≈≈≈≈≈≈≈#≈≈≈
##≈...^ #....≈##≈≈≈≈≈≈≈#≈≈○
##≈≈...## ##....≈##≈≈≈≈≈≈≈#≈≈°
##≈≈....#####....≈≈##≈≈≈≈≈≈≈#≈≈○
##≈≈≈...........≈≈##≈≈≈≈≈≈≈≈#≈≈≈
##≈≈≈...........≈≈##≈≈≈≈≈≈≈≈#≈≈≈
###≈≈≈≈.........≈≈###≈≈..≈≈≈≈#≈≈≈


You could see Antaeus, 2 Ice Fiends and the friendly Antaeus.

Vanquished Creatures
  the Royal Jelly (Slime:5)
  3 ancient liches
  Khufu (Crypt:3)
  2 juggernauts
  4 greater mummies
  Sojobo (Vaults:2)
  Boris (Crypt:3)
  Frederick (Depths:4)
  6 shard shrikes
  Saint Roka (Orc:2)
  Xtahua (Crypt:1)
  The ghost of Bunoc the Executioner, a veteran FoFi of Dithmenos (Crypt:3)
  Geryon (Hell)
  the Enchantress (Depths:4)
  The ghost of yalue the Executioner, an adept MiFi of the Shining One (Crypt:3)
  Jory (Crypt:3)
  Nikola (Swamp:1)
  4 bone dragons
  6 tentacled monstrosities
  Jorgrun (Swamp:3)
  A Hell Sentinel (Abyss:1)
  A shard shrike zombie (Crypt:2)
  Rupert (Lair:3)
  9 liches
  5 Ice Fiends
  5 titans (Vaults:5)
  A deep elf blademaster (Elf:3)
  A quicksilver dragon (Vaults:5)
  26 acid blobs
  Murray (Depths:1)
  A deep elf master archer (Elf:3)
  Agnes (Snake:1)
  6 sphinxes
  Kirke (D:13)
  3 ancient champions
  2 thorn hunters
  2 tentacled starspawn (Abyss:3)
  11 tengu reavers
  Donald (Snake:1)
  5 storm dragons
  Roxanne (Snake:3)
  The ghost of Tinen the Brawler, a journeyman TrMo of Wu Jian (Orc:1)
  4 shadow dragons
  13 azure jellies
  A daeva (Abyss:3)
  4 revenants
  A draconian monk (Depths:5)
  6 nagarajas
  11 fire giants
  13 vault wardens
  A balrug (Abyss:3)
  7 frost giants
  A cacodemon (Depths:1)
  6 deep elf sorcerers
  Aizul (Snake:1)
  A caustic shrike zombie (WizLab)
  3 ghouls (Crypt:2)
  6 war gargoyles
  17 ironheart preservers
  10 deep elf elementalists (Elf:3)
  3 draconian annihilators
  8 spriggan defenders
  An elemental wellspring (Coc:7)
  2 curse skulls
  12 reapers
  16 stone giants
  24 very ugly things
  An entropy weaver (Vaults:2)
  20 vampire knights
  6 deep elf demonologists
  A green draconian (Depths:5)
  A minotaur (Gauntlet)
  5 spark wasps
  10 deep elf annihilators
  31 ettins
  2 red draconians (Depths:5)
  2 green deaths (Swamp:4)
  A dire elephant (D:15)
  The ghost of Aricsoirch the Bludgeoner, a journeyman GrFi of Okawaru (Lair:4)
  8 deep elf death magi
  3 quicksilver dragon zombies
  Snorg (Orc:1)
  11 mummy priests
  5 crystal guardians
  7 fire dragons
  6 death oozes (Slime:5)
  5 eidola
  8 blizzard demons
  15 jiangshi
  2 great orbs of eyes (shapeshifter) (Abyss:3)
  6 yaktaur captains
  Josephine (D:12)
  17 great orbs of eyes
  9 deep elf high priests
  7 rakshasas
  A quicksilver dragon skeleton (Coc:6)
  A shambling mangrove (Swamp:2)
  16 hydras
  12 naga warriors
  22 ice dragons
  A merfolk avatar (Lair:6)
  A kraken zombie (Coc:3)
  6 centaur warriors
  29 vault guards
  11 anacondas
  2 ghost crabs
  Erica (D:11)
  46 two-headed ogres
  2 catoblepae
  3 spriggan air magi
  3 death knights
  14 alligators
  12 ogre magi
  8 deep troll earth magi
  31 dancing weapons
  14 vampire magi
  6 shock serpents
  7 death yaks
  10 hell hogs
  Urug (D:13)
  7 deep troll shamans
  11 thrashing horrors
  13 naga sharpshooters
  9 tengu warriors
  6 hell knights
  A shock serpent (shapeshifter) (Depths:2)
  A titan zombie (Coc:5)
  10 sun demons
  7 spriggan berserkers
  27 deep elf knights
  7 soul eaters
  A storm dragon zombie (Coc:7)
  A fire crab (Gauntlet)
  2 iron golems (Hell)
  2 iron trolls
  A sixfirhy (Hell)
  A salamander mystic (Snake:1)
  4 shadow wraiths
  A death drake (shapeshifter) (Vaults:4)
  4 wretched stars
  45 skeletal warriors
  A titan skeleton (Hell)
  An unseen horror (shapeshifter) (Elf:1)
  A storm dragon skeleton (Crypt:1)
  A shadow demon (Depths:1)
  7 swamp dragons
  An infernal demonspawn (Depths:4)
  An iron giant zombie (Crypt:3)
  A golden dragon zombie (WizLab)
  A sea snake (Lair:6)
  3 flayed ghosts
  2 wizards
  A quicksilver dragon simulacrum (Coc:1)
  4 spriggan druids
  4 anaconda zombies
  16 deep elf archers
  20 ironbrand convokers
  2 spatial maelstroms
  10 unseen horrors
  6 anaconda skeletons
  A ghost moth zombie (Coc:7)
  2 naga ritualists (Snake:4)
  2 obsidian statues
  37 deep trolls
  18 phantasmal warriors
  4 glowing orange brains
  2 golden dragon skeletons
  A mana viper (shapeshifter) (Vaults:5)
  4 harpies (shapeshifter)
  A harpy (Lair:6)
  5 orc sorcerers
  11 orc knights
  5 necromancers
  A wolf spider (shapeshifter) (Vaults:5)
  3 shadow dragon zombies
  A wolf spider zombie (Crypt:3)
  5 mana vipers
  8 shining eyes
  62 deep elf magi
  10 cyclopes
  4 stone giant zombies
  2 fire giant zombies
  3 frost giant zombies
  2 worldbinders (Abyss:3)
  35 ugly things
  3 manticores
  4 wolf spiders
  2 stone giant skeletons
  14 salamanders
  12 elephants
  2 shock serpent zombies
  2 guardian serpents (shapeshifter) (Abyss:3)
  A dire elephant zombie (Crypt:3)
  Maurice (D:13)
  An ice statue (Coc:7)
  A guardian serpent (Snake:3)
  2 black mambas (shapeshifter)
  2 fire giant skeletons
  20 naga magi
  32 black mambas
  9 rust devils
  12 vault sentinels
  A torpor snail (Gauntlet)
  10 eyes of devastation
  2 gargoyles (D:13)
  4 smoke demons
  8 orange demons
  A dire elephant skeleton (Coc:7)
  A catoblepas zombie (Crypt:3)
  24 spiny frogs
  13 komodo dragons
  2 spiny frogs (shapeshifter)
  2 yaktaur zombies
  2 emperor scorpion zombies
  24 freezing wraiths
  A komodo dragon (shapeshifter) (Vaults:5)
  8 kobold demonologists
  2 hellions
  4 rime drakes
  An efreet (Abyss:1)
  6 tormentors
  An anaconda simulacrum (Hell)
  2 hellwings
  41 yaktaurs
  31 ice devils
  9 hydra zombies
  A minotaur skeleton (Coc:6)
  7 tengu conjurers
  11 red devils
  2 ancient zymes (Abyss:2)
  4 jumping spiders (shapeshifter)
  A merfolk (shapeshifter) (Vaults:2)
  10 tyrant leeches
  9 guardian mummies
  A shadow dragon simulacrum (Coc:2)
  23 hornets
  5 trolls
  9 polar bears
  A death drake zombie (Crypt:1)
  Prince Ribbit (Lair:2)
  9 raiju (Abyss:1)
  2 harpy skeletons
  142 slime creatures
  27 blink frogs
  A hippogriff (shapeshifter) (Vaults:3)
  A hydra skeleton (Coc:7)
  3 fire dragon zombies
  A dream sheep (shapeshifter) (Vaults:5)
  3 satyr zombies
  A wind drake (Lair:6)
  An ice dragon zombie (Crypt:3)
  9 hippogriffs
  19 bog bodies
  A dream sheep (Lair:5)
  7 alligator zombies
  13 flying skulls
  2 meliai zombies
  A deep troll zombie (WizLab)
  4 ynoxinuls
  A spriggan (shapeshifter) (Vaults:4)
  4 alligator skeletons
  23 spriggans
  17 water elementals
  7 fire elementals
  4 air elementals
  2 tarantellas (shapeshifter)
  25 vampires
  4 hogs (D:13)
  An ice dragon skeleton (Coc:2)
  An elf zombie (WizLab)
  12 shadows
  17 wraiths
  5 wyverns
  A fire bat (shapeshifter) (Depths:5)
  2 fire dragon skeletons (Coc:3)
  Eustachio (D:4)
  33 yaks
  18 vampire mosquitoes
  4 fire bats
  19 golden eyes
  4 basilisks
  4 chaos spawn
  11 neqoxecs
  A steam dragon (D:10)
  A yaktaur simulacrum (Vaults:1)
  Menkaure (D:6)
  5 wargs
  9 swamp worms
  8 hungry ghosts
  A spatial vortex (Abyss:3)
  9 insubstantial wisps (Swamp:2)
  61 nagas
  A tengu zombie (WizLab)
  3 acid dragons
  8 water moccasins
  3 floating eyes (shapeshifter)
  9 hydra simulacra
  9 porcupines
  17 large abominations
  A monstrous demonspawn skeleton (Crypt:1)
  3 spiny frog zombies (Coc:7)
  2 floating eyes
  4 swamp drakes
  An ettin simulacrum (Coc:5)
  A hornet zombie (Ossuary)
  2 merfolk skeletons
  51 orc warriors
  6 sky beasts
  Duvessa (D:6)
  38 ogres
  2 alligator simulacra
  2 black bears
  An eye of draining (shapeshifter) (Vaults:2)
  2 snapping turtle zombies
  4 spiny frog skeletons
  3 ice beasts
  An ice dragon simulacrum (Abyss:3)
  11 eyes of draining
  A necrophage (D:6)
  An orc zombie (WizLab)
  A phantom (D:8)
  2 manticore zombies
  12 boggarts
  22 centaurs
  A swamp dragon skeleton (Coc:2)
  A hog skeleton (Crypt:3)
  14 wolves
  13 small abominations
  12 crocodiles
  7 big kobolds
  A fire crab zombie (Crypt:1)
  18 bullfrogs
  6 wyvern zombies
  A glowing shapeshifter simulacrum (Vaults:5)
  A spiny frog simulacrum (Coc:7)
  A yaktaur skeleton (Crypt:2)
  A wyvern skeleton (D:13)
  4 scorpions
  A water moccasin skeleton (D:8)
  Dowan (D:6)
  12 killer bees
  34 wights
  An electric eel (Lair:3)
  A howler monkey (D:6)
  A wolf zombie (Crypt:2)
  10 jellies
  6 bullfrog zombies
  6 centaur zombies
  9 quasits
  13 crimson imps
  38 starcursed masses
  4 hounds (D:8)
  24 orc priests
  2 bullfrog skeletons
  Crazy Yiuf (D:2)
  38 orc wizards
  7 centaur skeletons
  2 iguanas (D:11)
  4 iron imps
  9 worker ants
  5 hell rats (Lair:6)
  2 killer bee zombies
  A sky beast zombie (Crypt:3)
  A bullfrog simulacrum (D:11)
  17 mummies
  4 hound zombies
  3 worker ant zombies
  12 adders
  7 gnolls
  7 shadow imps
  17 white imps
  4 ufetubi
  2 oozes (D:1)
  4 adder zombies
  A worm zombie (Crypt:2)
  An adder skeleton (D:5)
  An iguana skeleton (Crypt:1)
  5 worms
  A barachi zombie (Crypt:3)
  7 leopard geckos
  151 orcs
  9 giant cockroaches
  4 hobgoblins
  18 kobolds
  7 quokkas
  2 ball pythons
  4 bats
  7 frilled lizards
  A giant cockroach zombie (Crypt:2)
  8 goblins
  A jackal skeleton (Crypt:2)
  A leopard gecko skeleton (D:7)
  2 leopard gecko zombies (Ossuary)
  2 quokka zombies (Ossuary)
  9 rats
  3 tentacles (Coc:3)
3051 creatures vanquished.

Vanquished Creatures (others)
  A nagaraja (Snake:4)
  A vault warden (Vaults:5)
  4 stone giants
  A deep elf annihilator (Elf:3)
  2 centaur warriors
  An alligator (Swamp:1)
  2 naga sharpshooters (Snake:2)
  2 deep elf knights
  2 deep elf archers
  A naga mage (Snake:4)
  7 yaktaurs
  A tengu conjurer (Swamp:1)
  A bog body (Swamp:1)
  2 water elementals
  A wyvern (D:10)
  A human (D:13)
  A vampire mosquito (Swamp:1)
  A swamp worm (Swamp:1)
  A naga (Snake:3)
  3 swamp drakes
  An ogre (Vaults:2)
  6 centaurs (Vaults:4)
  An orc priest (D:10)
  An iron imp (Depths:3)
  2 orc wizards
  A white imp (Coc:5)
  An orc (D:10)
  2 kobolds (D:10)
  3 lurking horrors
  6 plants
  8 starspawn tentacles (Abyss:3)
  A tentacle (Coc:3)
  4 toadstools (D:6)
  A withered plant (Ossuary)
74 creatures vanquished.

Grand Total: 3125 creatures vanquished

Notes
Turn   | Place    | Note
-------+----------+-------------------------------------------
     0 | D:1      | Arum the Formicid Fighter began the quest for the Orb.
     0 | D:1      | Reached XP level 1. HP: 18/18 MP: 1/1
    37 | D:1      | Reached XP level 2. HP: 21/24 MP: 2/2
   209 | D:1      | Reached XP level 3. HP: 26/30 MP: 3/3
   761 | D:2      | Found a runed translucent door.
   762 | D:2      | Noticed Crazy Yiuf
   770 | D:2      | Killed Crazy Yiuf
   770 | D:2      | Reached skill level 4 in Fighting
   770 | D:2      | Reached XP level 4. HP: 37/37 MP: 4/4
   818 | D:2      | Reached XP level 5. HP: 22/43 MP: 5/5
  1123 | D:2      | Found an iron altar of Okawaru.
  1135 | D:2      | Became a worshipper of Warmaster Okawaru
  1587 | D:2      | Reached skill level 5 in Shields
  2225 | D:3      | Found a sacrificial altar of Ru.
  2493 | D:3      | Found a white marble altar of Elyvilon.
  3012 | D:4      | Found a hide-covered altar of Uskayaw.
  3081 | D:4      | Found Ynugoa's Serpentskin Sales.
  3081 | D:4      | Noticed a water moccasin
  3081 | D:4      | Noticed a water moccasin
  3093 | D:4      | Killed a water moccasin
  3093 | D:4      | Reached skill level 5 in Fighting
  3093 | D:4      | Reached XP level 6. HP: 27/51 MP: 6/6
  3098 | D:4      | Killed a water moccasin
  3098 | D:4      | Reached * piety under Okawaru
  3098 | D:4      | Reached XP level 7. HP: 29/56 MP: 7/7
  3247 | D:4      | Bought a +2 long sword of venom for 162 gold pieces
  3324 | D:4      | Noticed Eustachio
  3380 | D:4      | Killed Eustachio
  3634 | D:4      | Found a glowing golden altar of the Shining One.
  3718 | D:4      | Found a shadowy altar of Dithmenos.
  4018 | D:5      | Entered Level 5 of the Dungeon
  4027 | D:5      | Found a glowing silver altar of Zin.
  4095 | D:5      | Found an ornate altar of the Wu Jian Council.
  4216 | D:5      | Reached skill level 6 in Fighting
  4352 | D:5      | Reached skill level 5 in Long Blades
  4352 | D:5      | Reached XP level 8. HP: 51/64 MP: 8/8
  4711 | D:6      | Reached ** piety under Okawaru
  4718 | D:6      | HP: 3/65 [orc warrior/+0 trident (14)]
  4738 | D:6      | HP: 2/65 [orc wizard/magic dart (4)]
  4907 | D:6      | Noticed Dowan
  4916 | D:6      | Reached skill level 7 in Fighting
  4921 | D:6      | Killed Dowan
  4962 | D:6      | Noticed Duvessa
  4971 | D:6      | Reached XP level 9. HP: 23/72 MP: 9/9
  4979 | D:6      | Killed Duvessa
  5093 | D:6      | Found a sand-covered staircase.
  5099 | Ossuary  | Entered an ossuary
  5218 | Ossuary  | Reached skill level 8 in Fighting
  5242 | Ossuary  | HP: 2/74 [bullfrog zombie (4)]
  5585 | Ossuary  | Reached *** piety under Okawaru
  6069 | Ossuary  | Got a scorched pewter ring
  6070 | Ossuary  | Identified the ring "Ipteomu" {MR+ Str+4} (You found it in
                  | an ossuary)
  6263 | D:6      | Reached XP level 10. HP: 82/82 MP: 10/10
  6278 | D:6      | Found a shimmering blue altar of Sif Muna.
  6415 | D:6      | Noticed Menkaure
  6424 | D:6      | Killed Menkaure
  6424 | D:6      | Reached skill level 9 in Fighting
  6849 | D:7      | Found a staircase to the Ecumenical Temple.
  7045 | D:7      | Reached **** piety under Okawaru
  7045 | D:7      | Reached skill level 10 in Shields
  7072 | D:7      | Found Haonkuqih's General Store.
  7299 | D:7      | Found a burning altar of Makhleb.
  7758 | D:8      | Reached skill level 5 in Armour
  8366 | D:8      | Reached skill level 10 in Fighting
  8385 | D:8      | Found Nyneec's Antique Weapon Shoppe.
  8396 | D:8      | Bought a warped long sword for 161 gold pieces
  8396 | D:8      | Identified the cursed +1 long sword of Greed {freeze,
                  | Fragile +Fly rElec rPois} (You bought it in a shop on level
                  | 8 of the Dungeon)
  8668 | D:9      | Found a blossoming altar of Fedhas.
  8961 | D:9      | Reached XP level 11. HP: 90/92 MP: 11/11
  8973 | D:9      | Reached ***** piety under Okawaru
  8981 | D:9      | Got a transparent flail
  8982 | D:9      | Identified the cursed +0 flail of Atizeu Umikk {crush,
                  | Int+5} (You found it on level 9 of the Dungeon)
  9235 | D:9      | Found a shimmering altar of Xom.
  9269 | D:9      | Found a snail-covered altar of Cheibriados.
  9270 | D:9      | Found a stormy altar of Qazlal.
  9481 | D:9      | Noticed a two-headed ogre
  9507 | D:9      | Killed a two-headed ogre
  9769 | D:10     | Entered Level 10 of the Dungeon
  9857 | D:10     | Reached skill level 11 in Fighting
  9932 | D:10     | Received a gift from Okawaru
  9932 | D:10     | Reached skill level 10 in Long Blades
  9996 | D:10     | Received a gift from Okawaru
 10224 | D:10     | Found a staircase to the Lair.
 10595 | D:10     | Found Naiheser's Armour Shoppe.
 10602 | D:10     | Bought a scarf of repulsion for 168 gold pieces
 10946 | D:10     | Found the +5 scythe "Finisher" {speed, eviscerate}
 11021 | D:11     | Noticed a cyclops
 11028 | D:11     | Killed a cyclops
 11028 | D:11     | Reached skill level 1 in Invocations
 11351 | D:11     | Reached XP level 12. HP: 100/101 MP: 13/13
 11513 | D:11     | Identified a scroll of acquirement
 11515 | D:11     | Found the +8 demon blade "Leech" {vamp, rN+ AC-3 EV-3}
 11547 | D:11     | Received a gift from Okawaru
 11585 | D:11     | Noticed a two-headed ogre
 11592 | D:11     | Killed a two-headed ogre
 11620 | D:11     | Reached skill level 12 in Fighting
 11651 | D:11     | Noticed a two-headed ogre
 11681 | D:11     | Noticed an unseen horror
 11686 | D:11     | Noticed Erica
 11695 | D:11     | Killed an unseen horror
 11704 | D:11     | Killed Erica
 11704 | D:11     | Reached skill level 5 in Invocations
 11905 | D:11     | Noticed a four-headed hydra
 11920 | D:11     | Killed a one-headed hydra
 11988 | D:11     | Found Settialo's Jewellery Emporium.
 12068 | D:11     | You fall into a shaft and drop 1 floor!
 12135 | D:12     | Noticed a two-headed ogre
 12146 | D:12     | Killed a two-headed ogre
 12159 | D:12     | Noticed a skeletal warrior
 12159 | D:12     | Noticed a skeletal warrior
 12160 | D:12     | Noticed a skeletal warrior
 12160 | D:12     | Noticed a skeletal warrior
 12160 | D:12     | Noticed a skeletal warrior
 12201 | D:12     | Killed a skeletal warrior
 12233 | D:12     | Killed a skeletal warrior
 12233 | D:12     | Reached skill level 10 in Armour
 12241 | D:12     | Killed a skeletal warrior
 12241 | D:12     | Reached XP level 13. HP: 50/109 MP: 7/17
 12716 | D:12     | Found a staircase to the Orcish Mines.
 13055 | D:12     | Reached ****** piety under Okawaru
 13315 | D:12     | Reached skill level 13 in Fighting
 13320 | D:12     | Noticed Josephine
 13325 | D:12     | Received a gift from Okawaru
 13362 | D:12     | Killed Josephine
 13700 | D:12     | Got a steaming plate armour
 13701 | D:12     | Identified the +11 plate armour of Grottiness {Regen+
                  | Str+2} (You found it on level 12 of the Dungeon)
 14742 | D:11     | Found a blossoming altar of Fedhas.
 14837 | D:11     | Noticed a centaur warrior
 14850 | D:11     | Killed a centaur warrior
 14850 | D:11     | Received a gift from Okawaru
 15187 | D:13     | Noticed Kirke
 15260 | D:13     | Killed Kirke
 15260 | D:13     | Reached skill level 14 in Fighting
 15294 | D:13     | Reached XP level 14. HP: 120/120 MP: 20/20
 15330 | D:13     | Found a gate to the Vaults.
 15462 | D:13     | Noticed Maurice
 15477 | D:13     | Killed Maurice
 15477 | D:13     | Received a gift from Okawaru
 15546 | D:13     | Noticed Urug
 15586 | D:13     | Killed Urug
 15676 | D:13     | Reached skill level 15 in Fighting
 15931 | D:14     | Received a gift from Okawaru
 15970 | D:14     | Reached skill level 1 in Dodging
 16629 | D:14     | Identified the Volume of Gliding Darkness
 16813 | D:15     | Entered Level 15 of the Dungeon
 16953 | D:15     | Found a gate leading to a gauntlet.
 16966 | Gauntlet | Entered a Gauntlet
 16966 | Gauntlet | Found a transporter.
 16966 | Gauntlet | Found a transporter.
 16967 | Gauntlet | Found a transporter.
 16970 | Gauntlet | Found a transporter.
 16972 | Gauntlet | Found a large runed translucent door.
 16973 | Gauntlet | Found a large runed translucent door.
 16974 | Gauntlet | Found a large runed translucent door.
 16974 | Gauntlet | Found a large runed translucent door.
 16974 | Gauntlet | Found a runed translucent door.
 16974 | Gauntlet | Found a runed translucent door.
 16975 | Gauntlet | Found a large runed translucent door.
 16975 | Gauntlet | Found a large runed translucent door.
 16975 | Gauntlet | Found a large runed translucent door.
 16975 | Gauntlet | Found a large runed translucent door.
 16976 | Gauntlet | Found a large runed translucent door.
 16976 | Gauntlet | Found a large runed translucent door.
 16977 | Gauntlet | Found a large runed translucent door.
 16977 | Gauntlet | Found a large runed translucent door.
 16978 | Gauntlet | Found a runed translucent gate.
 16978 | Gauntlet | Found a runed translucent gate.
 16978 | Gauntlet | Found a runed translucent gate.
 16980 | Gauntlet | Found a transporter.
 16984 | Gauntlet | Found a transporter.
 16994 | Gauntlet | Found a transporter.
 17025 | Gauntlet | Found a large runed translucent door.
 17025 | Gauntlet | Found a large runed translucent door.
 17028 | Gauntlet | Found a large runed translucent door.
 17028 | Gauntlet | Found a large runed translucent door.
 17084 | Gauntlet | Found a transporter.
 17085 | Gauntlet | Found a transporter.
 17096 | Gauntlet | Found a transporter.
 17098 | Gauntlet | Found a transporter.
 17108 | Gauntlet | Found a transporter.
 17188 | Gauntlet | Reached XP level 15. HP: 123/129 MP: 21/21
 17314 | Gauntlet | Got a translucent jade ring
 17320 | Gauntlet | Identified the ring of Wonder {+Inv +Fly Dex+4 Stlth+} (You
                  | found it in a Gauntlet)
 17355 | Gauntlet | Identified the ring of Xom's Benevolence {+Inv rF- rCorr
                  | MP+9 Str+2}
 17708 | D:15     | Found a staircase to the Depths.
 17719 | D:15     | Received a gift from Okawaru
 17719 | D:15     | Reached skill level 16 in Fighting
 17735 | D:15     | Reached skill level 5 in Dodging
 18328 | Orc:1    | Entered Level 1 of the Orcish Mines
 18367 | Orc:1    | Found a frozen archway.
 18477 | Orc:1    | Noticed Tinen's ghost (journeyman TrMo)
 18490 | Orc:1    | Found a transporter.
 18512 | Orc:1    | Noticed Snorg
 18533 | Orc:1    | Killed Snorg
 18603 | Orc:1    | Found a transporter.
 18792 | Orc:1    | Killed Tinen's ghost
 18792 | Orc:1    | Reached skill level 15 in Long Blades
 18804 | Orc:1    | Got the ring of Coiquere {Dex+3}
 18813 | Orc:1    | Identified the ring of Coiquere {rPois rF+ rN+ Int-4 Dex+3}
                  | (You found it on level 1 of the Orcish Mines)
 18893 | Orc:1    | Got an ancient cloak
 18901 | Orc:2    | Entered Level 2 of the Orcish Mines
 18960 | Orc:2    | Found a roughly hewn altar of Beogh.
 19004 | Orc:2    | Found a staircase to the Elven Halls.
 19168 | Orc:2    | Found a roughly hewn altar of Beogh.
 19271 | Orc:2    | Found a roughly hewn altar of Beogh.
 19284 | Orc:2    | Found Sirule's Food Boutique.
 19342 | Orc:2    | Noticed Saint Roka
 19459 | Orc:2    | Killed Saint Roka
 19459 | Orc:2    | Received a gift from Okawaru
 19498 | Orc:2    | Reached XP level 16. HP: 139/139 MP: 22/22
 19608 | Orc:2    | Found a roughly hewn altar of Beogh.
 19718 | Orc:2    | Found a roughly hewn altar of Beogh.
 19820 | Orc:2    | Found Meimourr's Antique Weapon Emporium.
 19821 | Orc:2    | Found a roughly hewn altar of Beogh.
 19822 | Orc:2    | Found Jaoffirch's Antique Armour Shoppe.
 20012 | Orc:2    | Found a roughly hewn altar of Beogh.
 20017 | Orc:2    | Found Toqyraug's General Store.
 20022 | Orc:2    | Bought a scroll of identify for 20 gold pieces
 20030 | Orc:2    | Identified the +0 cloak of the Forest {MR+ Str+3 Int+2
                  | SInv} (You acquired it on level 1 of the Orcish Mines)
 20104 | Orc:2    | Found a roughly hewn altar of Beogh.
 20214 | D:11     | Bought the brooch of Shielding {Reflect SH+8} for 1700 gold
                  | pieces
 20214 | D:11     | Found the brooch of Shielding {Reflect SH+8}
 20393 | Lair:1   | Entered Level 1 of the Lair of Beasts
 21262 | Lair:2   | Noticed Prince Ribbit
 21277 | Lair:2   | Killed Prince Ribbit
 21885 | Lair:3   | Reached skill level 17 in Fighting
 21956 | Lair:3   | Found a staircase to the Snake Pit.
 22005 | Lair:3   | Found a hide-covered altar of Uskayaw.
 22143 | Lair:3   | Found a staircase to the Swamp.
 22644 | Lair:4   | Found a runed translucent door.
 22644 | Lair:4   | Noticed Aricsoirch's ghost (journeyman GrFi)
 22665 | Lair:4   | Killed Aricsoirch's ghost
 22788 | Lair:4   | Received a gift from Okawaru
 22794 | Lair:4   | Identified the +3 chain mail "Ylithias" {rC+ rN++ MP-9
                  | Dex-4} (Okawaru gifted it to you on level 4 of the Lair of
                  | Beasts)
 24288 | Lair:6   | Entered Level 6 of the Lair of Beasts
 24534 | Lair:6   | Found a viscous altar of Jiyva.
 24535 | Lair:6   | Found a staircase to the Slime Pits.
 24620 | Lair:6   | Reached XP level 17. HP: 149/149 MP: 23/23
 25383 | Swamp:1  | Entered Level 1 of the Swamp
 25395 | Swamp:1  | Received a gift from Okawaru
 25432 | Swamp:1  | Noticed Nikola
 25480 | Swamp:1  | Reached skill level 18 in Fighting
 25488 | Swamp:1  | Killed Nikola
 26565 | Swamp:2  | Received a gift from Okawaru
 26705 | Swamp:2  | Noticed a thorn hunter
 26713 | Swamp:2  | Killed a thorn hunter
 26725 | Swamp:2  | Found an iron altar of Okawaru.
 27266 | Swamp:3  | Cast into level 3 of the Abyss (the power of Zot)
 27300 | Abyss:3  | Noticed a tentacled starspawn
 27313 | Abyss:3  | Killed a tentacled starspawn
 27390 | Abyss:3  | Received a gift from Okawaru
 27420 | Abyss:3  | Reached XP level 18. HP: 143/158 MP: 16/24
 27428 | Abyss:3  | Found a corrupted altar of Lugonu.
 27501 | Abyss:3  | Noticed a lich
 27506 | Abyss:3  | Killed a lich
 27514 | Swamp:3  | Escaped the Abyss
 27861 | Swamp:3  | Noticed Jorgrun
 27877 | Swamp:3  | Killed Jorgrun
 28017 | Swamp:4  | Entered Level 4 of the Swamp
 28218 | Swamp:4  | Reached skill level 19 in Fighting
 28696 | Swamp:4  | Received a gift from Okawaru
 28723 | Swamp:4  | Identified a +0 pair of boots of running (Okawaru gifted it
                  | to you on level 4 of the Swamp)
 28767 | Swamp:4  | Reached skill level 15 in Shields
 28834 | Swamp:4  | Noticed a tentacled monstrosity
 28850 | Swamp:4  | Killed a tentacled monstrosity
 29035 | Swamp:4  | Got a decaying rune of Zot
 29576 | Snake:1  | Entered Level 1 of the Snake Pit
 29577 | Snake:1  | Noticed Rupert
 29604 | Lair:3   | Killed Rupert
 29604 | Lair:3   | Reached XP level 19. HP: 167/167 MP: 18/25
 29663 | Snake:1  | Noticed Agnes
 29674 | Snake:1  | Killed Agnes
 29712 | Snake:1  | Received a gift from Okawaru
 29760 | Snake:1  | Noticed Aizul
 29778 | Snake:1  | Killed Aizul
 30121 | Snake:1  | Noticed Donald
 30141 | Snake:1  | Killed Donald
 30766 | Snake:2  | Found Osaph's Jewellery Shop.
 31163 | Snake:2  | Reached skill level 20 in Fighting
 31635 | Snake:3  | Identified Roxanne's Collected Works on the Rocks
 31635 | Snake:3  | Noticed Roxanne
 31664 | Snake:3  | Killed Roxanne
 31664 | Snake:3  | Received a gift from Okawaru
 31678 | Snake:3  | Got a transparent cloak {god gift}
 31680 | Snake:3  | Identified the +0 cloak of Midwinter {-Cast *Slow rN++
                  | Regen+ SInv} (Okawaru gifted it to you on level 3 of the
                  | Snake Pit)
 31905 | Snake:3  | Identified the +3 glaive "Ybbount" {holy, Str+2}
 32176 | Snake:4  | Entered Level 4 of the Snake Pit
 32384 | Snake:4  | Reached XP level 20. HP: 178/178 MP: 26/26
 32629 | Snake:4  | Reached skill level 10 in Dodging
 32940 | Snake:4  | Got a serpentine rune of Zot
 33399 | Elf:1    | Entered Level 1 of the Elven Halls
 33422 | Elf:1    | Found a radiant altar of Vehumet.
 33430 | Elf:1    | Received a gift from Okawaru
 33451 | Elf:1    | Reached skill level 21 in Fighting
 33651 | Elf:1    | Found Alodwas's Book Boutique.
 33652 | Elf:1    | Found Loprim's Distillery.
 33652 | Elf:1    | Found Hoem's Gadget Boutique.
 33655 | Elf:1    | Found Muetodyuth's Weapon Shop.
 33693 | Elf:1    | Bought a potion of resistance for 110 gold pieces
 33693 | Elf:1    | Bought 2 potions of heal wounds for 110 gold pieces
 33693 | Elf:1    | Bought a potion of heal wounds for 55 gold pieces
 34224 | Elf:1    | Found Icin's Antique Weapon Shoppe.
 34717 | Elf:2    | Found a runed translucent gate.
 34717 | Elf:2    | Found a runed translucent gate.
 34727 | Elf:2    | Found a runed translucent gate.
 34730 | Elf:2    | Reached XP level 21. HP: 187/187 MP: 27/27
 35244 | Elf:2    | Received a gift from Okawaru
 35420 | Elf:3    | Entered Level 3 of the Elven Halls
 35667 | Elf:3    | Reached skill level 22 in Fighting
 35715 | Elf:3    | Identified the +0 leather armour "Mymo" {*Corrode +Fly
                  | Str+6 Int+2}
 35846 | Elf:3    | Gained mutation: Scrolls take you a little longer to read.
                  | [a cacodemon]
 35906 | Elf:3    | Received a gift from Okawaru
 36110 | Elf:3    | Identified the ring "Moneuv" {rElec Str+2 Int+7}
 36146 | Elf:3    | Reached XP level 22. HP: 198/198 MP: 28/28
 36258 | Elf:3    | Identified the ring of Ubatet {+Fly Dex+2}
 36271 | Elf:3    | Identified the Collected Works on Entrancing Fire
 36296 | Elf:3    | Identified the cursed +1 scale mail "Bidar" {rElec MP+9
                  | Str+5 SInv} (You found it on level 3 of the Elven Halls)
 36307 | Elf:3    | Identified Juryaddag's Handbook of the Rocks and
                  | Weightlessness
 36375 | Elf:3    | Identified the ring "Cysedd" {rF- Dex+4 SInv} (You found it
                  | on level 3 of the Elven Halls)
 36426 | Elf:3    | Found the +6 lightning scales {run, rElec}
 36446 | Elf:3    | Identified the ring "Caevics" {rF+ MP+9 Str+4} (You found
                  | it on level 3 of the Elven Halls)
 36463 | Elf:3    | Identified the ring "Ystoivel" {rPois rF- MR+ Int+6} (You
                  | found it on level 3 of the Elven Halls)
 36706 | Elf:3    | Found Uriziebu's Armour Boutique.
 36707 | Elf:3    | Found Syoheof's Gadget Shoppe.
 36943 | Vaults:1 | Entered Level 1 of the Vaults
 37061 | Vaults:1 | Reached skill level 23 in Fighting
 37459 | Vaults:1 | Received a gift from Okawaru
 38593 | Vaults:2 | Received a gift from Okawaru
 38633 | Vaults:2 | Noticed Sojobo
 38645 | Vaults:2 | Killed Sojobo
 38784 | Vaults:2 | Found Sijagiem's Antique Armour Shop.
 38812 | Vaults:2 | Reached XP level 23. HP: 208/208 MP: 29/29
 39410 | Vaults:3 | Reached skill level 24 in Fighting
 40331 | Vaults:3 | Found a staircase to the Crypt.
 40743 | Vaults:4 | Received a gift from Okawaru
 41716 | Vaults:4 | Received a gift from Okawaru
 41729 | Vaults:4 | Identified the +0 chain mail of Liberty {rF+ Int+3 Slay+2}
                  | (Okawaru gifted it to you on level 4 of the Vaults)
 42302 | Vaults:2 | Identified the +0 scale mail "Ryoqoos" {*Drain rC+ rN+
                  | Dex+3} (Okawaru gifted it to you on level 2 of the Vaults)
 42512 | Depths:1 | Entered Level 1 of the Depths
 42802 | Depths:1 | Reached XP level 24. HP: 219/219 MP: 29/29
 42941 | Depths:1 | Reached skill level 25 in Fighting
 43213 | Depths:1 | Found a gateway to Hell.
 43769 | Depths:1 | Found a one-way gate to the infinite horrors of the Abyss.
 44110 | Depths:2 | Received a gift from Okawaru
 44901 | Depths:2 | Noticed a juggernaut
 44916 | Depths:2 | Killed a juggernaut
 44936 | Depths:2 | Identified the +7 long sword "Killer Klown's Regret"
                  | {drain, Str+2 Stlth+} (You found it on level 2 of the
                  | Depths)
 44954 | Depths:2 | Identified the +1 plate armour of Mutualism {rPois MR+}
                  | (You found it on level 2 of the Depths)
 45316 | Depths:3 | Identified the +0 scale mail of Megg {rCorr Str+4} (You
                  | found it on level 3 of the Depths)
 45522 | Depths:3 | Reached XP level 25. HP: 230/230 MP: 29/29
 45895 | Depths:3 | Found a gateway to a ziggurat.
 45916 | Depths:3 | Gained mutation: You are clumsy. (Dex -2) [a shining eye]
 45918 | Depths:3 | Gained mutation: Your magical capacity is low. (-10% MP) [a
                  | shining eye]
 45923 | Depths:3 | Gained mutation: You are very clumsy. (Dex -4) [a shining
                  | eye]
 45927 | Depths:3 | Lost mutation: Scrolls take you a little longer to read.
                  | [potion of mutation]
 45927 | Depths:3 | Lost mutation: Your magical capacity is low. (-10% MP)
                  | [potion of mutation]
 45927 | Depths:3 | Gained mutation: You are dopey. (Int -2) [potion of
                  | mutation]
 45927 | Depths:3 | Gained mutation: You are somewhat resistant to further
                  | mutation. [potion of mutation]
 45927 | Depths:3 | Lost mutation: You are very clumsy. (Dex -4) [potion of
                  | mutation]
 45928 | Depths:3 | Lost mutation: You are clumsy. (Dex -2) [potion of
                  | mutation]
 45928 | Depths:3 | Lost mutation: You are dopey. (Int -2) [potion of mutation]
 45928 | Depths:3 | Lost mutation: You are somewhat resistant to further
                  | mutation. [potion of mutation]
 45928 | Depths:3 | Gained mutation: Armour fits poorly on your strangely
                  | shaped body. [potion of mutation]
 45928 | Depths:3 | Gained mutation: You are partially covered in yellow
                  | scales. (AC +2) [potion of mutation]
 45928 | Depths:3 | Gained mutation: You are robust. (+10% HP) [potion of
                  | mutation]
 45929 | Depths:3 | Lost mutation: You are robust. (+10% HP) [potion of
                  | mutation]
 45929 | Depths:3 | Lost mutation: Armour fits poorly on your strangely shaped
                  | body. [potion of mutation]
 45929 | Depths:3 | Gained mutation: You are covered in fur. (AC +1) [potion of
                  | mutation]
 45929 | Depths:3 | Gained mutation: You are dopey. (Int -2) [potion of
                  | mutation]
 45929 | Depths:3 | Gained mutation: Your magical capacity is low. (-10% MP)
                  | [potion of mutation]
 45929 | Depths:3 | Gained mutation: You possess an exceptional clarity of
                  | mind. [potion of mutation]
 45930 | Depths:3 | Lost mutation: You are dopey. (Int -2) [potion of mutation]
 45930 | Depths:3 | Lost mutation: You possess an exceptional clarity of mind.
                  | [potion of mutation]
 45930 | Depths:3 | Lost mutation: Your magical capacity is low. (-10% MP)
                  | [potion of mutation]
 45930 | Depths:3 | Gained mutation: Your magical capacity is low. (-10% MP)
                  | [potion of mutation]
 45930 | Depths:3 | Gained mutation: Your skin changes colour to match your
                  | surroundings (Stealth+). [potion of mutation]
 46142 | Depths:3 | Found a one-way gate leading to the halls of Pandemonium.
 46448 | Depths:4 | Noticed Frederick
 46476 | Depths:4 | Killed Frederick
 46476 | Depths:4 | Received a gift from Okawaru
 46482 | Depths:4 | Reached skill level 26 in Fighting
 46499 | Depths:4 | Found the +0 Maxwell's etheric cage {RegenMP+ *Contam rElec
                  | MP+4}
 46953 | Depths:4 | Identified the +1 chain mail of Ugegov Ipau {rF+ MR+ Str+7
                  | Stlth-} (You found it on level 4 of the Depths)
 47047 | Depths:4 | Got a wavering golden ring
 47048 | Depths:4 | Identified the ring "Nomotydd" {rF+ Int+3 SInv} (You
                  | acquired it on level 4 of the Depths)
 47095 | Depths:4 | Noticed the Enchantress
 47223 | Depths:4 | Killed the Enchantress
 47476 | Depths:4 | Reached XP level 26. HP: 239/239 MP: 26/26
 47663 | Depths:4 | Received a gift from Okawaru
 47668 | Depths:4 | Identified the +0 shield of Pan-Flutes {Int+3} (Okawaru
                  | gifted it to you on level 4 of the Depths)
 48003 | Depths:4 | Noticed a juggernaut
 48039 | Depths:4 | Killed a juggernaut
 48289 | Depths:5 | Entered Level 5 of the Depths
 48903 | Depths:5 | Found a shattered altar of Ashenzari.
 49124 | Depths:5 | Received a gift from Okawaru
 49162 | Depths:5 | Found a gate to the Realm of Zot.
 49583 | Vaults:5 | Entered Level 5 of the Vaults
 49676 | Vaults:4 | Received a gift from Okawaru
 49757 | Vaults:5 | Identified the +6 mace "Nufyk Ysykh" {venom, rC+}
 49782 | Vaults:5 | Reached XP level 27. HP: 80/247 MP: 21/26
 49782 | Vaults:5 | Reached skill level 27 in Fighting
 49782 | Vaults:5 | Reached skill level 15 in Armour
 50213 | Vaults:5 | Got a silver rune of Zot
 50659 | Vaults:5 | Found the +0 pair of fencer's gloves {Riposte Dex+3}
 50714 | Vaults:5 | Identified the +6 great sword "Digeogh" {flame, Str+2} (You
                  | found it on level 5 of the Vaults)
 50876 | Vaults:5 | Got a sparkling glass ring
 50877 | Vaults:5 | Identified the ring of Acaippi {+Fly rF+ rN+ Dex+3 Stlth+}
                  | (You found it on level 5 of the Vaults)
 51067 | Vaults:5 | Received a gift from Okawaru
 51096 | Vaults:5 | Identified the +5 swamp dragon scales of Weightlessness
                  | {rPois rC+} (Okawaru gifted it to you on level 5 of the
                  | Vaults)
 51445 | Vaults:5 | Identified the cursed +0 scale mail of Lucidity {-Tele MR+
                  | Dex+2} (You found it on level 5 of the Vaults)
 51731 | Elf:1    | Bought the +0 sword of Power for 1200 gold pieces
 51731 | Elf:1    | Found the +0 sword of Power
 51739 | Elf:1    | Bought a Necronomicon for 1766 gold pieces
 51748 | Elf:1    | Learned a level 8 spell: Necromutation
 52105 | Slime:1  | Entered Level 1 of the Pits of Slime
 52246 | Slime:1  | Reached skill level 1 in Transmutations
 52251 | Slime:1  | Reached skill level 1 in Spellcasting
 52773 | Slime:3  | Gained mutation: Scrolls take you a little longer to read.
                  | [a shining eye]
 52809 | Slime:3  | Gained mutation: Your magical capacity is very low. (-20%
                  | MP) [a shining eye]
 52813 | Slime:3  | Gained mutation: Your body sometimes deteriorates upon
                  | taking damage. [a shining eye]
 52863 | Slime:4  | Gained mutation: Your body often deteriorates upon taking
                  | damage. [a shining eye]
 52865 | Slime:4  | Gained mutation: You are frail. (-10% HP) [a shining eye]
 52886 | Slime:5  | Entered Level 5 of the Pits of Slime
 52901 | Slime:5  | Gained mutation: Your magical capacity is extremely low.
                  | (-30% MP) [a shining eye]
 52907 | Slime:5  | Reached skill level 15 in Dodging
 52930 | Slime:5  | Gained mutation: You are clumsy. (Dex -2) [a shining eye]
 52934 | Slime:5  | Gained mutation: Scrolls take you longer to read. [a
                  | shining eye]
 53216 | Slime:5  | Received a gift from Okawaru
 53241 | Slime:5  | Identified the +7 triple sword of Rubbish {pain, MR+ MP+9}
                  | (Okawaru gifted it to you on level 5 of the Pits of Slime)
 53383 | Slime:5  | Gained mutation: You are dopey. (Int -2) [a shining eye]
 53384 | Slime:5  | Gained mutation: Armour fits poorly on your strangely
                  | shaped body. [a shining eye]
 53392 | Slime:5  | Gained mutation: You are very frail. (-20% HP) [a shining
                  | eye]
 53583 | Slime:5  | Found a viscous altar of Jiyva.
 53586 | Slime:5  | Noticed the Royal Jelly
 53677 | Slime:5  | Killed the Royal Jelly
 53677 | Slime:5  | Reached skill level 5 in Transmutations
 53707 | Slime:5  | Reached skill level 5 in Spellcasting
 53865 | Slime:5  | Got a slimy rune of Zot
 53872 | Slime:5  | Identified the amulet of Hiawyzic {Gourm +Blink} (You found
                  | it on level 5 of the Pits of Slime)
 53928 | Slime:5  | Identified the +1 large shield of Acrif {Int+4} (You
                  | acquired it on level 5 of the Pits of Slime)
 54740 | Crypt:1  | Entered Level 1 of the Crypt
 54766 | Crypt:1  | Received a gift from Okawaru
 54848 | Crypt:1  | Found a magical portal.
 55052 | WizLab   | Noticed an ancient lich
 55055 | WizLab   | Killed an ancient lich
 55354 | Crypt:1  | Lost mutation: Your magical capacity is extremely low.
                  | (-30% MP) [potion of mutation]
 55354 | Crypt:1  | Lost mutation: Your magical capacity is very low. (-20% MP)
                  | [potion of mutation]
 55354 | Crypt:1  | Lost mutation: You are clumsy. (Dex -2) [potion of
                  | mutation]
 55354 | Crypt:1  | Gained mutation: You expend magic power (3 MP) to
                  | strengthen your wands. [potion of mutation]
 55355 | Crypt:1  | Lost mutation: You are covered in fur. (AC +1) [potion of
                  | mutation]
 55355 | Crypt:1  | Lost mutation: Your body often deteriorates upon taking
                  | damage. [potion of mutation]
 55355 | Crypt:1  | Gained mutation: Your spells are a little easier to cast,
                  | but a little less powerful. [potion of mutation]
 55355 | Crypt:1  | Gained mutation: You possess an exceptional clarity of
                  | mind. [potion of mutation]
 55356 | Crypt:1  | Lost mutation: You are very frail. (-20% HP) [potion of
                  | mutation]
 55356 | Crypt:1  | Lost mutation: Your body sometimes deteriorates upon taking
                  | damage. [potion of mutation]
 55356 | Crypt:1  | Lost mutation: Armour fits poorly on your strangely shaped
                  | body. [potion of mutation]
 55356 | Crypt:1  | Lost mutation: You expend magic power (3 MP) to strengthen
                  | your wands. [potion of mutation]
 55356 | Crypt:1  | Lost mutation: Scrolls take you longer to read. [potion of
                  | mutation]
 55356 | Crypt:1  | Gained mutation: Your flesh is cold resistant. (rC+)
                  | [potion of mutation]
 55357 | Crypt:1  | Lost mutation: Scrolls take you a little longer to read.
                  | [potion of mutation]
 55357 | Crypt:1  | Lost mutation: You are frail. (-10% HP) [potion of
                  | mutation]
 55357 | Crypt:1  | Gained mutation: Your flesh is very cold resistant. (rC++)
                  | [potion of mutation]
 55357 | Crypt:1  | Gained mutation: You are resistant to hostile enchantments.
                  | (MR+) [potion of mutation]
 55797 | Crypt:1  | Identified the cursed +0 war axe of Eternal Vigilance
                  | {chop, rF+ Str-4 Int+4 Dex+3}
 55821 | Crypt:1  | Noticed a greater mummy
 55829 | Crypt:1  | Killed a greater mummy
 55860 | Crypt:1  | Found the +6 shillelagh "Devastator" {shatter}
 55862 | Crypt:1  | Identified the Grimoire of Mezcal
 55871 | Crypt:1  | Received a gift from Okawaru
 55879 | Crypt:1  | Noticed a greater mummy
 55888 | Crypt:1  | Killed a greater mummy
 56197 | Crypt:1  | Found a huge runed translucent gate.
 56197 | Crypt:1  | Found a huge runed translucent gate.
 56198 | Crypt:1  | Found a huge runed translucent gate.
 56198 | Crypt:1  | Found a huge runed translucent gate.
 56198 | Crypt:1  | Found a huge runed translucent gate.
 56199 | Crypt:1  | Found a huge runed translucent gate.
 56200 | Crypt:1  | Found a huge runed translucent gate.
 56201 | Crypt:1  | Found a huge runed translucent gate.
 56201 | Crypt:1  | Found a huge runed translucent gate.
 56421 | Crypt:2  | Noticed Xtahua
 56468 | Crypt:1  | Killed Xtahua
 56769 | Crypt:2  | Received a gift from Okawaru
 56970 | Crypt:3  | Entered Level 3 of the Crypt
 57170 | Crypt:3  | Noticed Khufu
 57187 | Crypt:3  | Killed Khufu
 57193 | Crypt:3  | Noticed a greater mummy
 57193 | Crypt:3  | Noticed a greater mummy
 57224 | Crypt:3  | Killed a greater mummy
 57235 | Crypt:3  | Killed a greater mummy
 57730 | Crypt:3  | Identified the ring of Beytuibb {rC+ rN+ Dex+2}
 57730 | Crypt:3  | Noticed Jory
 57741 | Crypt:3  | Killed Jory
 57755 | Crypt:3  | Received a gift from Okawaru
 57783 | Crypt:3  | Noticed Boris
 57794 | Crypt:3  | Killed Boris
 58179 | Crypt:3  | Found a staircase to the Tomb.
 58271 | Crypt:3  | Found a runed translucent gate.
 58272 | Crypt:3  | Found a runed translucent gate.
 58276 | Crypt:3  | Found a runed translucent gate.
 58276 | Crypt:3  | Found an ancient bone altar of Kikubaaqudgha.
 58276 | Crypt:3  | Noticed Bunoc's ghost (veteran FoFi)
 58276 | Crypt:3  | Noticed yalue's ghost (adept MiFi)
 58276 | Crypt:3  | Noticed an ancient lich
 58383 | Crypt:3  | Got a steaming steel ring
 58391 | Crypt:3  | Identified the ring "Kozozow" {+Fly rN+ Int+2 Dex-4} (You
                  | found it on level 3 of the Crypt)
 58405 | Crypt:3  | Identified the +5 ring mail "Boykevaoce" {Regen+} (You
                  | found it on level 3 of the Crypt)
 58490 | Crypt:3  | Killed Bunoc's ghost
 58494 | Crypt:3  | Killed an ancient lich
 58519 | Crypt:3  | Killed yalue's ghost
 58545 | Crypt:3  | Identified the ring of Harmony {Fire Str+5} (You found it
                  | on level 3 of the Crypt)
 58909 | Hell     | Entered the Vestibule of Hell
 58909 | Hell     | Noticed Geryon
 58922 | Hell     | Gained mutation: You are weak. (Str -2) [a cacodemon]
 59110 | Hell     | Received a gift from Okawaru
 59231 | Hell     | Noticed Murray
 59273 | Depths:1 | Killed Murray
 59315 | Hell     | HP: 6/249 [reaper/+0 scythe of protection (14)]
 59521 | Hell     | Killed Geryon
 59584 | Hell     | Found a gateway to the ashen valley of Gehenna.
 59635 | Hell     | Reached skill level 10 in Transmutations
 59673 | Hell     | Found a gateway to the freezing wastes of Cocytus.
 59735 | Hell     | Found a gateway to the decaying netherworld of Tartarus.
 59822 | Hell     | Found a gateway to the Iron City of Dis.
 60100 | Depths:1 | Voluntarily entered the Abyss.
 60128 | Abyss:1  | Noticed an ancient lich
 60145 | Abyss:1  | Killed an ancient lich
 60145 | Abyss:1  | Reached skill level 1 in Necromancy
 60354 | Abyss:1  | Found a corrupted altar of Lugonu.
 60383 | Abyss:1  | Found a corrupted altar of Lugonu.
 60404 | Abyss:1  | Gained mutation: Your magical capacity is very low. (-20%
                  | MP) [a shining eye]
 60405 | Abyss:1  | Gained mutation: Your body sometimes deteriorates upon
                  | taking damage. [a shining eye]
 60413 | Abyss:1  | Identified the +7 great sword "Foafif" {vamp, Str+3} (You
                  | found it on level 1 of the Abyss)
 60486 | Abyss:1  | Found a corrupted altar of Lugonu.
 60659 | Abyss:1  | Received a gift from Okawaru
 60679 | Abyss:1  | Identified the +1 chain mail of the Tundras {rC++ Str+5
                  | Int-4} (Okawaru gifted it to you on level 1 of the Abyss)
 60688 | Abyss:2  | Found a corrupted altar of Lugonu.
 60801 | Abyss:2  | Reached skill level 10 in Spellcasting
 60863 | Abyss:2  | Reached skill level 5 in Necromancy
 61063 | Abyss:3  | Got an abyssal rune of Zot
 61350 | Depths:1 | Escaped the Abyss
 61661 | Coc:1    | Entered Level 1 of Cocytus
 61820 | Coc:2    | Noticed a shard shrike
 61832 | Coc:2    | Killed a shard shrike
 62764 | Coc:7    | Entered Level 7 of Cocytus
 62856 | Coc:7    | Received a gift from Okawaru
 62927 | Coc:7    | Noticed a shard shrike
 62928 | Coc:7    | Noticed a shard shrike
 62930 | Coc:7    | Noticed a shard shrike
 62931 | Coc:7    | Noticed a shard shrike
 62938 | Coc:7    | Killed a shard shrike
 62939 | Coc:7    | Killed a shard shrike
 62941 | Coc:7    | Killed a shard shrike
 62943 | Coc:7    | Killed a shard shrike
 63013 | Coc:7    | Reached skill level 10 in Necromancy
 63077 | Coc:7    | Received a gift from Okawaru
 63265 | Coc:7    | Noticed a shard shrike
 63277 | Coc:7    | Killed a shard shrike
 63811 | Coc:7    | Received a gift from Okawaru
 63819 | Coc:7    | Noticed Antaeus
 63840 | Coc:7    | HP: 3/249 [Antaeus (13)]
 63840 | Coc:7    | Mangled by Antaeus

Levels and vault maps discovered:
D:1:      erik_arrival_gehennom, layout_basic
D:2:      layout_basic, overflow_temple_1_default, uniq_crazy_yiuf_cottage
D:3:      layout_basic, lemuel_crystal_altar, marbit_many_paths, first_ration,
          minmay_mini_jars
D:4:      layout_basic, kennysheep_little_box, eat_drink_and_be_merry_uskayaw,
          tso_altar, guppyfry_shop_venom, uniq_eustachio
D:5:      kennysheep_six_static_rooms, layout_basic, old_standard_altar,
          kennysheep_mini
D:6:      layout_cave_pods, led_sif_book, enter_ossuary_1,
          chequers_serial_rivers_small_b, minmay_gold_behind_fungi,
          uniq_menkaure, uniq_duvessa
D:7:      layout_loops_ring, temple_pool_b, serial_shops, shop_fountains,
          the_bakery, bloody_makhleb
D:8:      layout_gridville, serial_shops, shop, abandoned_shop,
          minmay_fractal_squares_gapless_5
D:9:      layout_loops_ring, lemuel_doored_altar, lemuel_crystal_altar,
          nicolae_overflow_hidden_temple
D:10:     layout_loops_ring, erik_lair_dragon, serial_shops, shop,
          minmay_guarded_unrand_finisher
D:11:     minmay_cut_squares, layout_loops_ring, serial_shops, shop_fountains,
          special_room [special_room_orc], hangedman_weighted_door,
          fedhas_altar_1, uniq_erica
D:12:     layout_layer_cave, hiddenorc2_lemuel, uniq_josephine
D:13:     layout_gridville, david_vaults_4, minmay_beelzebubs_servants,
          uniq_maurice, uniq_kirke, uniq_urug
D:14:     layout_basic, billiards_dpeg
D:15:     hangedman_depths_entry_try_elsewhere_first, layout_basic,
          gauntlet_entry_generic, wad_floor_pattern_1, grunt_ministairs_14,
          minmay_statues_item
Lair:1:   layout_regular_city, serial_rivers, chequers_serial_rivers_small_3,
          chequers_serial_rivers_small_3, chequers_serial_rivers_small_b,
          chequers_serial_rivers_marsh, chequers_serial_rivers_small_3,
          chequers_serial_rivers_marsh, minivault_19,
          chequers_serial_rivers_small_a, serial_bayou_pond_c
Lair:2:   layout_regular_city, uniq_prince_ribbit2
Lair:3:   layout_gridlike, minmay_swamp_entry_swarm,
          guppyfry_snake_entry_garden, basic_altar, lemuel_fruit_tree,
          infiniplex_staircase_pool, serial_bayou_shore_b
Lair:4:   layout_cave_pods, ebering_ghost_reflecting_pool, beast_lair_carwin_6
Lair:5:   layout_regular_city, hangedman_lair_generics_rect
Lair:6:   gammafunk_lair_ancient_temple, layout_big_grid, slime_altar_1
Swamp:1:  layout_basic_swamp, evilmike_swamp_ruin_rubble_1, swamp_pool1,
          kb_tengu_band, uniq_nikola
Swamp:2:  layout_falls_marsh, lemuel_altar_in_water
Swamp:3:  layout_basic_swamp, evilmike_swamp_ruin_house_5,
          infiniplex_staircase_pool_2, uniq_jorgrun
Swamp:4:  swamp_vile, layout_basic_swamp, swamp_pool1,
          nicolae_swamp_triple_paths, evilmike_swamp_ruin_rubble_2,
          ldierk_geyser
Snake:1:  layout_layer_cave, uniq_agnes, uniq_rupert, uniq_donald, uniq_aizul
Snake:2:  hangedman_cross_veins, layout_honeycomb, serial_shops, shop
Snake:3:  layout_rooms, uniq_roxanne
Snake:4:  minmay_snake_end_coiled, layout_misc_corridors, uniq_saint_roka
Slime:1:  layout_caves, cheibrodos_slime_lost_civilization_6
Slime:2:  layout_caves
Slime:3:  layout_caves
Slime:4:  layout_caves, nicolae_slime_phagocytosis
Slime:5
Orc:1:    layout_caves, portal_ice_cave_entry_pillars_2,
          gammafunk_ghost_stat_death, uniq_snorg
Orc:2:    grunt_orc_community_town_hall, layout_caves,
          grunt_orc_community_big_house_2, grunt_orc_community_big_house_1,
          grunt_orc_community_house_3, grunt_orc_community_house_2,
          grunt_orc_community_house_2, grunt_orc_community_house_2,
          grunt_orc_community_house_2, grunt_orc_community_house_3
Elf:1:    eino_elf_arrival_altar, layout_loops_corners, serial_shops,
          nicolae_shop_stone, minmay_elf_crystal_hexagon, minmay_shoptagon
Elf:2:    layout_gridlike
Elf:3:    minmay_elf_hall_golems, layout_geoelf_diagonals, serial_shops, shop,
          shop
Vaults:1: grunt_vaults_swirl, grunt_vaults_hallway_long,
          nicolae_vaults_shelves_hall, v_misc_16, nicolae_vaults_quadrants,
          hangedman_vaults_stream, v_misc_19, layout_vaults_maze
Vaults:2: vaults_mumra_lcd, hangedman_vaults_impose, v_misc_33, v_alt_pattern_1,
          vaults_dpeg_spiral, hangedman_vaults_river_flow,
          grunt_vaults_hallway_short, nicolae_vaults_ring_of_whatevers,
          hangedman_vaults_corner, vaults_room_fancy_cross, v_pattern_5,
          grunt_vaults_funnel, ontoclasm_vaults_pinch,
          vaults_room_stairs_pillars, layout_vaults_ring, serial_shops,
          nicolae_shop_overgrown_old_shop, uniq_sojobo
Vaults:3: vaults_dpeg_diagonal, nicolae_vaults_octagons, hangedman_vaults_maws,
          nicolae_vaults_sealed_display, nicolae_vaults_shelves_hall,
          nicolae_vaults_alarming, nicolae_vaults_big_angled_halls, v_misc_13,
          v_misc_3, hangedman_vaults_trim, ontoclasm_vaults_ring_large,
          ontoclasm_vaults_eye, vaults_dpeg_hooks, v_misc_17,
          minmay_crypt_entry_simple_statues, layout_vaults_omnicross
Vaults:4: grunt_vaults_diagonal, nicolae_vaults_network_quinsquares
          [nicolae_vaults_network_quincunx_subvault,
          nicolae_vaults_network_quincunx_subvault,
          nicolae_vaults_network_quincunx_subvault,
          nicolae_vaults_network_quincunx_subvault], ontoclasm_vaults_twist,
          nicolae_vaults_shelves_hall, nicolae_vaults_little_squares_1,
          vaults_room_semicircle, layout_vaults_chaotic_city
Vaults:5
Crypt:1:  cheibrodos_crypt_3hun_7po, layout_gridlike,
          infiniplex_enter_wizlab_glasses, st_burial_chamber
Crypt:2:  layout_rooms, uniq_xtahua
Crypt:3:  due_elkab, layout_chaotic_city, gammafunk_ghost_crypt, uniq_boris,
          uniq_khufu
Depths:1: layout_gridlike, grunt_hell_entry_demonic_statue,
          hangedman_decor_points, abyss_entry_crystal, grunt_ministairs_1,
          minmay_librarian
Depths:2: cheibrodos_hall_of_evolution, layout_basic, serial_glass,
          glass_columns_b, glass_columns_b, item_on_display_a,
          minmay_misc_feat_tower, grunt_hell_entry_dis_grunt,
          minmay_checkered_concentric_circles
Depths:3: minmay_inside_and_out, layout_cave_pools, enter_ziggurat_d,
          grunt_pan_entry_sceptre, pf_hell_entry_tar_spiral,
          kilobyte_rumbling_trees, serial_bayou_shore_b
Depths:4: giant_chief_lemuel, layout_long_grid, hangedman_coc_ice_floe,
          rand_demon_pan_entry_7, abyss_entry, minmay_misc_feat_four_crosses,
          kennysheep_two_boxes, minmay_staircase_windowed_small,
          serial_bayou_shore_a, uniq_enchantress, uniq_frederick
Depths:5: evilmike_zot_entry_diamond, layout_gridlike, abyss_entry,
          evilmike_ruin_ashenzari, hell_entry, hangedman_decor_lopped
Hell
Coc:1:    layout_cocytus_water_paths
Coc:2:    layout_cocytus_water_paths
Coc:3:    layout_cocytus_water_paths
Coc:4:    layout_cocytus_water_paths
Coc:5:    layout_ice_bergs
Coc:6:    layout_ice_bergs
Coc:7:    coc_grunt

Skill      XL: |  1  2  3  4  5  6  7  8  9 10 11 12 13 14 15 16 17 18 19 20 21 22 23 24 25 26 27 |
---------------+----------------------------------------------------------------------------------+-----
Shields        | 4 5 6 8 9 10 12 14 15 | 15.0
Fighting       | 4 5 6 7 8 10 11 12 14 15 16 17 18 19 20 21 22 23 24 25 26 27 | 27.0
Long Blades    | 3 4 5 6 7 9 10 11 12 14 15 16 17 18 20 21 22 23 24 25 | 25.0
Armour         | 6 8 10 11 12 14 21 | 21.6
Invocations    | 2 6 8 |  8.0
Dodging        | 3 6 7 9 10 11 12 19 | 19.9
Transmutations | 10 | 10.1
Spellcasting   | 12 | 12.1
Necromancy     | 11 | 11.1

Action                   |  1- 3 |  4- 6 |  7- 9 | 10-12 | 13-15 | 16-18 | 19-21 | 22-24 | 25-27 || total
-------------------------+-------+-------+-------+-------+-------+-------+-------+-------+-------++-------
Melee: Long sword        |    72 |   135 |   413 |   515 |       |       |       |       |       ||  1135
       Quick blade       |       |       |       |    13 |       |       |       |       |       ||    13
       Demon blade       |       |       |       |    91 |  1359 |  1641 |  1616 |  1590 |  2185 ||  8482
       Scimitar          |       |       |       |    57 |    25 |   121 |       |       |       ||   203
       Double sword      |       |       |       |       |    74 |   153 |       |   304 |  1072 ||  1603
       Great sword       |       |       |       |       |       |       |       |       |  1138 ||  1138
Throw: Javelin           |       |       |     2 |       |       |     1 |       |       |     7 ||    10
Invok: Heroism           |       |       |     2 |     2 |     3 |     4 |     1 |     2 |    11 ||    25
       Finesse           |       |       |       |     2 |     1 |     4 |     1 |     1 |    10 ||    19
 Abil: Dig               |     1 |       |     4 |    10 |    16 |     2 |     7 |     2 |    57 ||    99
Evoke: Wand              |       |     1 |    11 |     1 |       |     1 |     1 |       |     2 ||    17
       Phantom mirror    |       |       |       |       |       |       |       |       |     1 ||     1
  Use: Potion            |       |       |     5 |     4 |       |     1 |     2 |       |    20 ||    32
       Scroll            |       |       |    10 |    10 |    17 |     5 |     2 |    10 |    24 ||    78
 Stab: Confused          |       |       |       |       |       |     3 |     5 |       |       ||     8
  Eat: Chunk             |       |     7 |     8 |    52 |    25 |    24 |    17 |    28 |    22 ||   183
       Ration            |       |       |     1 |       |       |     1 |     1 |     1 |    13 ||    17
Armor: Scale mail        |    36 |    45 |   128 |   100 |       |       |       |       |       ||   309
       Fire dragon scale |       |       |       |    10 |    53 |       |       |       |       ||    63
       Skin              |       |       |       |     3 |     1 |       |       |       |       ||     4
       Plate armour      |       |       |       |       |   423 |   480 |   242 |   296 |   980 ||  2421
Dodge: Dodged            |    28 |    35 |   104 |   168 |   267 |   188 |   160 |   232 |  1418 ||  2600
       Deflected         |       |       |       |       |    22 |       |       |       |       ||    22
Block: Shield            |    41 |    71 |   205 |   330 |   713 |    14 |       |       |       ||  1374
       Large shield      |       |       |       |       |       |  1802 |  1488 |  1970 |  4945 || 10205
       Reflection        |       |       |       |       |       |    24 |   209 |   109 |    79 ||   421
       Rpst.: Long sword |    11 |    11 |    23 |    43 |       |       |       |       |       ||    88
       Demon blade       |       |       |       |     3 |    58 |    19 |    27 |    36 |   117 ||   260
       Double sword      |       |       |       |       |     6 |     3 |       |     3 |   163 ||   175
       Scimitar          |       |       |       |       |       |     1 |       |       |       ||     1
       Great sword       |       |       |       |       |       |       |       |       |   154 ||   154
